 Dungeon Crawl Stone Soup version 0.28.0 (webtiles) character file.

Game seed: 14299466402737166741

2053 mkm the Protected (level 9, -4/121 HPs)
             Began as a Minotaur Berserker on Feb 9, 2022.
             Was a Believer of Trog.
             Slain by a gnoll (12 damage)
             ... on level 6 of the Dungeon.
             The game lasted 00:16:32 (6489 turns).

mkm the Protected (Minotaur Berserker)              Turns: 6489, Time: 00:16:32

Health: -4/121     AC: 11    Str: 23    XL:     9   Next: 4%
Magic:  8/8        EV: 10    Int:  4    God:    Trog [**....]
Gold:   257        SH:  0    Dex: 13    Spells: 8/8 levels left

rFire   . . .      SeeInvis .   a - +0 halberd
rCold   . . .      Faith    .   (shield currently unavailable)
rNeg    . . .      Spirit   .   p - +0 chain mail
rPois   .          Reflect  .   (helmet restricted)
rElec   .          Harm     .   (no cloak)
rCorr   .          Rampage  .   (no gloves)
Will    ++...                   (no boots)
Stlth   ..........              (no amulet)
HPRegen 1.30/turn               (no ring)
MPRegen 0.11/turn               (no ring)

@: berserking (expiring), strong-willed, regenerating, very quick
A: horns 2, retaliatory headbutt
a: Renounce Religion, Berserk, Trog's Hand


You were on level 6 of the Dungeon.
You worshipped Trog.
Trog was pleased with you.
You visited 1 branch of the dungeon, and saw 6 of its levels.

You collected 257 gold pieces.

Inventory:

Hand Weapons
 a - a +0 halberd (weapon)
 r - a +2 flail of holy wrath
Armour
 p - a +0 chain mail (worn)
 x - +0 acid dragon scales
Jewellery
 i - a ring of protection from cold
 m - an amulet of regeneration
Wands
 l - a wand of iceblast (18)
 n - a wand of flame (23)
 w - a wand of digging (4)
Scrolls
 b - a scroll of brand weapon {unknown}
 c - 2 scrolls of identify {unknown}
 e - a scroll of teleportation {unknown}
 f - a scroll of blinking {unknown}
 g - a scroll of magic mapping {unknown}
 q - a scroll of vulnerability {unknown}
 t - 2 scrolls of fog {unknown}
Potions
 d - a potion of attraction {unknown}
 h - 2 potions of magic {unknown}
 j - 2 potions of degeneration {unknown}
 k - 2 potions of curing
 o - 2 potions of ambrosia {unknown}
 s - a potion of mutation {unknown}
 u - 2 potions of heal wounds {unknown}
 v - a potion of invisibility {unknown}


   Skills:
 + Level 8.3 Fighting
 - Level 3.6 Maces & Flails
 - Level 2.4 Polearms
 + Level 8.9 Armour
 + Level 4.7 Dodging
 * Level 4.8 Evocations


You had 8 spell levels left.
You didn't know any spells.
Your spell library was empty.

Dungeon Overview and Level Annotations

Branches:
Dungeon (6/15)
 Temple: D:4-7

Altars:
Sif Muna

Shops:
D:1 (


Innate Abilities, Weirdness & Mutations

You have a pair of horns on your head.
You reflexively headbutt those who attack you in melee.


Message History

The gnoll sergeant is lightly wounded.
The gnoll misses you. You furiously retaliate!
You headbutt the gnoll.
The gnoll sergeant hits you with a +0 spear!
The gnoll barely misses you.
The gnoll hits you from afar with a +0 halberd.
You barely miss the gnoll sergeant.
You headbutt the gnoll sergeant, but do no damage.
The gnoll sergeant is lightly wounded.
The gnoll barely misses you.
The gnoll sergeant hits you with a +0 spear!
* * * LOW HITPOINT WARNING * * *
The gnoll hits you but does no damage. The gnoll barely misses you.
The gnoll sergeant blocks your attack.
The gnoll sergeant is lightly wounded.
The gnoll closely misses you.
The gnoll sergeant hits you but does no damage.
The gnoll closely misses you. x2
Unknown command.
You slash the gnoll sergeant!
The gnoll sergeant is heavily wounded.
The gnoll hits you with a +5 flail.
* * * LOW HITPOINT WARNING * * *
The gnoll sergeant hits you with a +0 spear!
* * * LOW HITPOINT WARNING * * *
Okay, then.
You hit the gnoll sergeant.
The gnoll sergeant is severely wounded.
The gnoll hits you from afar with a +0 halberd!
* * * LOW HITPOINT WARNING * * *
The gnoll hits you with a +0 flail.
* * * LOW HITPOINT WARNING * * *
The gnoll hits you with a +5 flail.
* * * LOW HITPOINT WARNING * * *
The gnoll sergeant barely misses you.
You slash the gnoll sergeant!
You kill the gnoll sergeant!
Trog accepts your kill. The gnoll barely misses you.
The gnoll hits you but does no damage. The gnoll hits you with a +5 flail!
You die...

. #.....##.................. .
........................... .
......................g....
#..........................
.#..........................
....................g.......
...............# #..........
.#.<............g###.....#.[..
...........###..@g.......# .
...........#.###)#g....#..#
...............###.#.........
.......###...............#....
......## ##..##..#......##....
.......# #..###..#.....## ...
......# ###..##........# ..
#....####...###.....>..##
##.....##..#### ...##...#


You could see 3 gnolls.

Vanquished Creatures
  4 yaks (D:5)
  An acid dragon (D:6)
  A water moccasin (D:5)
  A black bear (D:6)
  A sky beast (D:6)
  An ogre (D:5)
  A phantom (D:5)
  2 gnoll sergeants
  A scorpion (D:5)
  A water moccasin zombie (D:5)
  3 water moccasin skeletons (D:6)
  A howler monkey (D:6)
  A hound (D:6)
  An orc priest (D:4)
  3 iguanas
  An orc wizard (D:4)
  3 hound skeletons (D:4)
  17 gnolls
  9 adders
  A shadow imp (D:6)
  An adder zombie (D:5)
  An adder skeleton (D:2)
  3 worms (D:2)
  3 dart slugs
  4 orcs
  5 endoplasms
  8 goblins
  6 hobgoblins
  11 jackals
  4 quokkas
  6 ball pythons
  9 bats
  6 frilled lizards
  7 kobolds
  7 rats
135 creatures vanquished.

Notes
Turn   | Place    | Note
-------+----------+-------------------------------------------
     0 | D:1      | mkm the Minotaur Berserker began the quest for the Orb.
     0 | D:1      | Reached XP level 1. HP: 19/19 MP: 0/0
   259 | D:1      | Reached XP level 2. HP: 27/27 MP: 1/1
   508 | D:1      | Found a faded altar of an unknown god.
   606 | D:1      | Found Zohycew's Antique Weapon Emporium.
   910 | D:1      | Reached XP level 3. HP: 33/33 MP: 2/2
  1063 | D:1      | Reached ** piety under Trog
  1682 | D:2      | Reached XP level 4. HP: 41/41 MP: 3/3
  1889 | D:2      | Reached skill level 5 in Fighting
  2358 | D:3      | Reached XP level 5. HP: 23/48 MP: 4/4
  3053 | D:3      | Reached skill level 1 in Evocations
  3121 | D:3      | Found a shimmering blue altar of Sif Muna.
  3451 | D:4      | Reached skill level 1 in Polearms
  3641 | D:4      | Reached XP level 6. HP: 56/56 MP: 5/5
  4486 | D:5      | Entered Level 5 of the Dungeon
  4581 | D:5      | Reached skill level 5 in Armour
  4681 | D:5      | Reached XP level 7. HP: 42/62 MP: 6/6
  5304 | D:5      | You fall into a shaft and drop 1 floor!
  5790 | D:5      | Noticed a yak
  5791 | D:5      | Noticed a yak
  5795 | D:5      | Noticed a yak
  5796 | D:5      | Noticed a yak
  5808 | D:5      | Killed a yak
  5809 | D:5      | Reached XP level 8. HP: 45/71 MP: 7/7
  6380 | D:6      | Reached XP level 9. HP: 68/81 MP: 8/8
  6489 | D:6      | Slain by a gnoll

Illustrated notes

Levels and vault maps discovered:
D:1:      shiori_arrival_maze, layout_loops_ring, serial_shops, shop_statue,
          ebering_ecumenical_altar_abandoned
D:2:      layout_loops_cross, minmay_joined_circles
D:3:      layout_basic, nicolae_sif_muna_condensation
D:4:      layout_cave_pods
D:5:      layout_basic, grunt_decor_fettered
D:6:      layout_cave_pools, gup_sewer_entry_spiral, serial_shops,
          nicolae_shop_waterfront, wad_floor_pattern_1, grunt_ministairs_13,
          minmay_manual_mandibuliform

Skill      XL: |  1  2  3  4  5  6  7  8 |
---------------+-------------------------+-----
Fighting       | 4 5 6 8 |  8.3
Armour         | 3 4 5 7 8 |  8.9
Dodging        | 3 4 |  4.7
Evocations     | 1 2 3 4 |  4.8
Polearms       | 1 2 |  2.4
Maces & Flails | |  3.6

Action                   |  1- 3 |  4- 6 |  7- 9 || total
-------------------------+-------+-------+-------++-------
Melee: Mace              |    89 |    29 |       ||   118
       Headbutt          |    11 |    30 |    22 ||    63
       Halberd           |       |   133 |   115 ||   248
Invok: Trog's Hand       |       |     7 |     6 ||    13
       Berserk           |       |       |     3 ||     3
  Use: Scroll            |       |     1 |       ||     1
Armor: Animal skin       |     9 |       |       ||     9
       Scale mail        |    12 |     4 |       ||    16
       Chain mail        |       |    86 |    91 ||   177
Dodge: Dodged            |    41 |   111 |    94 ||   246
